 Dungeon Crawl Stone Soup version 0.31-a0-369-g8eba5f6939 (webtiles) character file.

Game seed: 17924301289327554536

2851 drugrobin the Cleaver (level 9, -1/68 HPs)
             Began as a Demigod Delver on July 29, 2023.
             Slain by a killer bee (6 damage)
             ... on level 7 of the Dungeon.
             The game lasted 00:15:33 (6655 turns).

drugrobin the Cleaver (Demigod Delver)              Turns: 6655, Time: 00:15:33

Health: -1/68      AC: 11    Str: 25    XL:     9   Next: 22%
Magic:  11/11      EV:  7    Int: 12    God:
Gold:   284        SH:  0    Dex: 15    Spells: 8/8 levels left

rFire   . . .        b - +9 mace of Biziujut {vamp, Stlth+}
rCold   . . .        (no shield)
rNeg    . . .        i - +0 plate armour
rPois   +            H - +0 helmet
rElec   .            (no cloak)
rCorr   .            (no gloves)
SInv    .            (no boots)
Will    .....        J - amulet of magic regeneration Stlth
                     l - ring of poison resistance
HPRegen 0.31/turn    (no ring)
MPRegen 0.52/turn

%: no passive effects
@: no status effects
A: high MP 1, forlorn, divine attributes
a: no special abilities


You were on level 7 of the Dungeon.
You visited 1 branch of the dungeon, and saw 7 of its levels.
You also visited: Sewer.

You collected 284 gold pieces.

Inventory:

Hand Weapons
 a - a +0 war axe
 b - the +9 mace of Biziujut (weapon) {vamp, Stlth+}
   (You found it on level 2 of the Dungeon)

   Stlth:     It makes you more stealthy.
 c - a +0 orcbow
 u - a +0 sling
 D - a +1 vampiric spear
Missiles
 d - 3 throwing nets
 h - 12 boomerangs (quivered)
 s - 9 poisoned darts
 L - 3 javelins
Armour
 i - a +0 plate armour (worn)
 k - a +0 leather armour
 H - a +0 helmet (worn)
Jewellery
 l - a ring of poison resistance (left hand)
 J - an amulet of magic regeneration (around neck)
Wands
 g - a wand of digging (3)
 j - a wand of paralysis (16)
 I - a wand of quicksilver (7)
 K - a wand of flame (8)
Scrolls
 e - 3 scrolls of fear
 m - 3 scrolls of enchant armour {unknown}
 q - 7 scrolls of identify {unknown}
 r - 2 scrolls of fog
 t - 2 scrolls of noise {unknown}
 v - a scroll of immolation {unknown}
 w - a scroll of revelation
 y - 4 scrolls of teleportation {unknown}
 z - 2 scrolls of poison {unknown}
 A - a scroll of brand weapon {unknown}
 B - a scroll of blinking {unknown}
Potions
 f - a potion of haste
 n - 7 potions of curing
 o - a potion of might {unknown}
 p - 3 potions of mutation {unknown}
 x - a potion of attraction {unknown}
 C - 3 potions of berserk rage {unknown}
 E - 2 potions of heal wounds {unknown}
 F - a potion of degeneration {unknown}
 G - a potion of brilliance {unknown}


   Skills:
 - Level 2.6 Fighting
 + Level 11.4 Axes
 - Level 1.7 Dodging
 - Level 4.5 Stealth
 - Level 4.0 Evocations


You had 8 spell levels left.
You didn't know any spells.
Your spell library contained the following spells:

 Spells                   Type           Power      Damage    Failure   Level
 Poisonous Vapours        Pois/Air       0%         N/A       100%        2
 Mephitic Cloud           Conj/Pois/Air  0%         N/A       100%        3
 Vhi's Electric Charge    Tloc/Air       0%         N/A       100%        3
 Arcjolt                  Conj/Air       0%         1d10      100%        5
 Freezing Cloud           Conj/Ice/Air   0%         6-21      100%        5
 Plasma Beam              Fire/Air       0%         2x1d10    100%        6


Dungeon Overview and Level Annotations

Branches:
Dungeon (7/15)             Temple (0/1) D:5           Sewer (visited)


Innate Abilities, Weirdness & Mutations

You have an increased reservoir of magic. (+10% MP)
You shall have no god before yourself.
Your divine heritage dramatically boosts your attributes as you level up.


Message History

The killer bee stings you but does no damage.
The killer bee stings you!
You hit the killer bee.
You feel better.
The killer bee is heavily wounded.
You feel sick.
You are no longer poisoned.
The killer bee stings you!
* * * LOW HITPOINT WARNING * * *
The killer bee stings you.
* * * LOW HITPOINT WARNING * * *
Unknown command.
Okay, then.
Unknown command.
Unknown command.
Unknown command.
You barely miss the killer bee.
The killer bee is heavily wounded.
The killer bee stings you.
* * * LOW HITPOINT WARNING * * *
The killer bee barely misses you.
Unknown command.
Unknown command.
Unknown command.
Unknown command.
You miss the killer bee.
The killer bee is heavily wounded.
The killer bee stings you.
* * * LOW HITPOINT WARNING * * *
The killer bee barely misses you.
The killer bee stings you but does no damage.
Unknown command.
Unknown command.
Okay, then.
Unknown command.
You hit the killer bee.
The killer bee is severely wounded.
The killer bee stings you.
* * * LOW HITPOINT WARNING * * *
The killer bee stings you.
You die...

#.# #.######### ########.#
#.######.# #.# #........#
#.##.....# #.# #.#####.##
#.#.##.##### #.# #.# #.#
#.#.##.# #.# #.# #.#
#>#.##.# #.#
#.#####.######.#.##.# #.#
#.....#.#......#y##.#
####.#
#######.#####..#@##.#
#....# #.# ##.#..### #.####
#.# #...### #.# #
#.#####.#...# #.# #
#.........#########.#######
########.##.......#.#......
#..........#.#......
####.......#.#......
#########.#######


You could see a killer bee.

Vanquished Creatures
  The ghost of pokeman the Thaumaturge, a novice DEHW (D:5)
  3 yaks
  2 steam dragons (D:7)
  2 orc warriors
  2 ice beasts
  2 centaurs
  A bullfrog (D:7)
  5 scorpions
  4 killer bees (D:7)
  3 howler monkeys (D:7)
  2 jellies
  An orc priest (D:2)
  4 hounds
  Ijyb (D:3)
  2 sleepcaps (D:4)
  3 iguanas
  3 orc wizards
  Terence (D:3)
  11 adders
  3 gnolls (D:7)
  A river rat (Sewer)
  A white imp (D:5)
  5 worms
  4 dart slugs
  11 orcs
  7 bats
  4 endoplasms
  7 giant cockroaches
  7 goblins
  5 hobgoblins
  3 jackals (D:2)
  7 kobolds
  2 quokkas (D:4)
  7 ball pythons
  8 frilled lizards
  15 rats
150 creatures vanquished.

Notes
Turn   | Place    | Note
-------+----------+-------------------------------------------
     0 | D:5      | drugrobin the Demigod Delver began the quest for the Orb.
     0 | D:5      | Reached XP level 1. HP: 18/18 MP: 3/3
   104 | D:5      | Reached skill level 2 in Axes
   119 | D:5      | Found a staircase to the Ecumenical Temple.
   133 | D:5      | Found a large runed translucent door.
   133 | D:5      | Noticed a hound
   144 | D:5      | Noticed a scorpion
   187 | D:5      | Noticed a scorpion
   223 | D:5      | Noticed a hound
   318 | D:6      | Noticed an ice beast
   450 | D:6      | Noticed an orc wizard
   480 | D:5      | Killed a scorpion
   481 | D:5      | Reached skill level 3 in Axes
   481 | D:5      | Reached skill level 1 in Evocations
   481 | D:5      | Reached XP level 2. HP: 25/25 MP: 4/4
   481 | D:5      | Reached XP level 3. HP: 30/30 MP: 5/5
   531 | D:5      | Reached XP level 4. HP: 37/37 MP: 6/6
   570 | D:5      | Found a glowing drain.
   603 | Sewer    | Entered a sewer
   777 | Sewer    | Reached skill level 4 in Axes
   777 | Sewer    | Reached XP level 5. HP: 41/42 MP: 7/7
  1119 | D:5      | Noticed a centaur
  1129 | D:5      | Killed a centaur
  1251 | D:4      | Reached XP level 6. HP: 50/50 MP: 8/8
  1894 | D:1      | Reached skill level 5 in Axes
  2435 | D:2      | Identified the +9 mace of Biziujut {vamp, Stlth+}
  3071 | D:3      | Noticed Ijyb
  3075 | D:3      | Killed Ijyb
  3194 | D:3      | Noticed Terence
  3201 | D:3      | Killed Terence
  3445 | D:4      | Reached skill level 6 in Axes
  3445 | D:4      | Reached XP level 7. HP: 56/56 MP: 9/9
  4114 | D:5      | Found the Hermit's Pendant {Faith Invo=14 Evo=0 MP+5}
  4128 | D:5      | Reached skill level 7 in Axes
  4591 | D:5      | Found a large runed translucent door.
  4594 | D:5      | Noticed pokeman's ghost (novice DEHW)
  4619 | D:5      | Killed pokeman's ghost
  4620 | D:5      | Reached skill level 8 in Axes
  4620 | D:5      | Reached XP level 8. HP: 16/62 MP: 10/10
  5288 | D:6      | Reached skill level 9 in Axes
  5433 | D:7      | Reached skill level 10 in Axes
  6069 | D:7      | Reached XP level 9. HP: 60/68 MP: 11/11
  6104 | D:7      | Reached skill level 11 in Axes
  6655 | D:7      | Slain by a killer bee

Illustrated notes

Levels and vault maps discovered:
D:1:      lightli_arrival_windingriver, layout_rooms
D:2:      wad_woods_pond, layout_basic, basic_altar, st_stairs_4,
          nicolae_wormholes
D:3:      layout_basic, fedhas_altar_3, cheibrodos_ashenzari_chains,
          ebering_ecumenical_altar_rust, uniq_ijyb, uniq_terence
D:4:      layout_gridville, mainiacjoe_overflow_alcove_2, st_stairs_12,
          chequers_mini_garden, kennysheep_generic_room_3
D:5:      layout_loops_ring, minmay_temple_entry_crystal_x,
          gup_sewer_entry_glass, ebering_ghost_disaster_area,
          hellmonk_guarded_unrand_hermit
D:6:      layout_loops_ring, kennysheep_generic_room_14
D:7:      layout_loops_ring, yredelemnul_altar_generic, serial_co_window_serial,
          co_window_corner_a, co_window_paths_b, co_window_paths_b,
          co_window_cross_1, co_window_of_opportunity_a, co_window_broadway_c,
          co_window_broadway_c, co_window_2corner, co_window_broadway_c,
          co_window_unsneaky_path_b, co_window_corner_cb, co_window_paths_c,
          glass_columns_b, glass_columns_a, glass_columns_a

Skill      XL: |  1  2  3  4  5  6  7  8  9 |
---------------+----------------------------+-----
Axes           | 3 4 6 8 10 11 | 11.4
Evocations     | 1 2 3 4 |  4.0
Fighting       | |  2.6
Dodging        | |  1.7
Stealth        | |  4.5

Action                     |  1- 3 |  4- 6 |  7- 9 || total
---------------------------+-------+-------+-------++-------
  Melee: Spear             |    12 |   285 |       ||   297
         Hand axe          |     1 |    19 |       ||    20
         Mace              |       |    31 |   230 ||   261
         Punch             |       |     1 |     2 ||     3
   Fire: Orcbow            |       |     9 |       ||     9
  Throw: Boomerang         |     8 |     8 |       ||    16
         Dart              |       |     4 |       ||     4
  Evoke: Wand              |     1 |     2 |       ||     3
    Use: Scroll            |     1 |       |       ||     1
         Potion            |       |       |     1 ||     1
   Stab: Paralysed         |     8 |     9 |       ||    17
         Sleeping          |       |     5 |       ||     5
 Armour: Leather armour    |     2 |    20 |       ||    22
         Plate armour      |       |   116 |   166 ||   282
  Dodge: Dodged            |     7 |   136 |    86 ||   229

Table legend: (Time is in decaauts)
 A = Elapsed time spent in this place.
 B = Non-inter-level travel time spent in this place.
 C = Inter-level travel time spent in this place.
 D = Time resting spent in this place.
 E = Time spent auto-exploring this place.
 F = Levels seen in this place.
 G = Mean time per level.
                   A        B        C        D        E       F      G
               +--------+--------+--------+--------+--------+-----+--------+
         Total |   6745 |   6384 |    361 |    392 |   4176 |   8 |  843.1 |
       Dungeon |   6211 |   5850 |    361 |    347 |   3873 |   7 |  887.3 |
         Sewer |    534 |    534 |      0 |     45 |    302 |   1 |  534.0 |
               +--------+--------+--------+--------+--------+-----+--------+

Top non-repeatable levels by time:
     D:5: 1409 daAuts
     D:7: 1249 daAuts
     D:3: 831 daAuts
     D:6: 814 daAuts
     D:2: 801 daAuts
     D:4: 570 daAuts
     D:1: 534 daAuts
   Sewer: 534 daAuts
